 Dungeon Crawl Stone Soup version 0.31-a0-986-g5e6e4ef867 (webtiles) character file.

Game seed: 7254177566951185712

1397 LeprechaunX the Mimic (level 8, 0/51 HPs)
             Began as an Octopode Shapeshifter on Nov 20, 2023.
             Was a Follower of Hepliaklqana.
             Succumbed to a scorpion's poison
             ... on level 6 of the Dungeon.
             The game lasted 00:05:18 (4842 turns).

LeprechaunX the Mimic (Octopode Shapeshifter)       Turns: 4842, Time: 00:05:19

Health: 0/51       AC:  1    Str: 13    XL:     8   Next: 69%
Magic:  8/8        EV: 12    Int: 13    God:    Hepliaklqana [*.....]
Gold:   224        SH:  4    Dex: 13    Spells: 7/7 levels left

rFire   . .          .
                       - Unarmed
rCold   . . .        u - +0 buckler
rNeg    . . .        (helmet currently unavailable)
rPois   .            (no amulet)
rElec   .            n - +4 ring of slaying
rCorr   .            v - ring of wizardry
SInv    .            (no ring)
Will    .....        (no ring)
Stlth   ++           (no ring)
HPRegen 0.28/turn    (no ring)
MPRegen 0.11/turn    (no ring)
                     (no ring)

%: wizardry (x1)
@: lethally poisoned (0 -> -10), beast-form
A: beast (slay +4), reduced essence, almost no armour, amphibious, 8 rings,
camouflage 1, gelatinous body 1, (nimble swimmer 1), tentacles, noise
suppression
a: Begin Untransformation, Renounce Religion, Recall Ancestor, Ancestor Identity


You were on level 6 of the Dungeon.
You worshipped Hepliaklqana.
Hepliaklqana was aware of your devotion.
You were a hulking beast.
You visited 2 branches of the dungeon, and saw 7 of its levels.
You also visited: Ossuary.

You collected 224 gold pieces.

Inventory:

Hand Weapons
 p - a +2 dagger of speed
Missiles
 f - a throwing net (quivered)
 s - 2 atropa-tipped darts
Armour
 u - a +0 buckler (worn)
Jewellery
 n - a +4 ring of slaying (left tentacle)
 v - a ring of wizardry (right tentacle)
Talismans
 b - a beast talisman
 c - a flux talisman
 j - a blade talisman
Wands
 r - a wand of polymorph (10)
Scrolls
 e - a scroll of summoning {unknown}
 h - a scroll of noise {unknown}
 k - 4 scrolls of immolation {unknown}
 l - a scroll of amnesia {unknown}
 m - 6 scrolls of identify {unknown}
 o - a scroll of acquirement {unknown}
 q - a scroll of enchant weapon {unknown}
 t - a scroll of revelation {unknown}
 w - 2 scrolls of vulnerability {unknown}
 x - a scroll of teleportation {unknown}
Potions
 a - 2 potions of lignification
 d - 2 potions of mutation
 g - 3 potions of degeneration {unknown}
 i - 5 potions of curing {unknown}
 z - a potion of haste {unknown}


   Skills:
 + Level 5.9 Fighting
 - Level 2.0 Dodging
 - Level 3.3 Unarmed Combat
 * Level 8.3 Shapeshifting


You had 7 spell levels left.
You didn't know any spells.
Your spell library contained the following spells:

 Spells                   Type           Power      Damage    Failure   Level
 Apportation              Tloc           0%         N/A       17%         1
 Magic Dart               Conj           0%         1d3       17%         1
 Necrotise                Necr           0%         1d4       17%         1
 Summon Small Mammal      Summ           0%         N/A       17%         1
 Searing Ray              Conj           0%         2d4       26%         2
 Inner Flame              Hex/Fire       0%         N/A       45%         3
 Fulminant Prism          Conj/Hex       0%         3d5       83%         4
 Yara's Violent Unravell  Hex/Tmut       0%         3d3       99%         5
 Enfeeble                 Hex            0%         N/A       100%        7


Dungeon Overview and Level Annotations

Branches:
Dungeon (6/15)             Temple (1/1) D:4         Ossuary (visited)

Altars:
Cheibriados
Elyvilon
Fedhas
Hepliaklqana
Makhleb
Okawaru
Ru
Uskayaw
Vehumet
Wu Jian
Xom
Yredelemnul
The Shining One

Annotations:
D:2 1 runed translucent door, Crazy Yiuf


Innate Abilities, Weirdness & Mutations

You are a hulking beast.
Your limbs bulge with bestial killing power. (Slay +4)
Your life essence is reduced to manifest your ancestor. (-10% HP)
You cannot wear most types of armour.
You are amphibious.
You can wear up to eight rings at the same time.
Your skin changes colour to match your surroundings (Stealth+).
Your rubbery body absorbs attacks. (AC +1, EV +1)
((You are camouflaged when in or above water. (Stealth+)))
You have tentacles for arms and can constrict up to eight enemies at once.
You passively dampen the noise of your surroundings.


Message History

You miss something. You squeeze something.
Reactivating autopickup.
You feel a bit more experienced.
Unknown command.
Found a scroll labelled GIRIAF DAEREZ.
m - 6 scrolls labelled GIRIAF DAEREZ (gained 1)
You hear the rapid rusting of a drain nearby.
A scorpion comes into view.
You swap places.
Throw: 2 throwing nets
Press: ? - help, Q - select action, (/) - cycle Shift-Dir - straight line, f - scorpion
Aim: a scorpion (ally target, 66% to hit)
You throw a throwing net. Imgur-Sin avoids your attack.
The throwing net hits the scorpion.
The scorpion is caught in the net!
Imgur-Sin hits the scorpion.
The scorpion struggles against the net.
You are now empty-tentacled.
Imgur-Sin hits the scorpion but does no damage.
The scorpion struggles against the net.
You are already empty-tentacled.
Unknown command.
The scorpion struggles against the net.
The net rips apart, and the scorpion comes free!
Imgur-Sin hits the scorpion.
You swap places.
You block the scorpion's attack.
You tentacle-slap the scorpion. You grab the scorpion.
Your squeeze misses the scorpion.
The scorpion is moderately wounded.
You constrict the scorpion. The scorpion stings you.
* * * LOW HITPOINT WARNING * * *
The scorpion stings you.
* * * LOW HITPOINT WARNING * * *
You are lethally poisoned!
The scorpion poisons you!
It was a potion of mutation.
You feel extremely strange.
You feel more energetic.
You feel your surroundings grow quieter.
You feel less energetic.
You constrict the scorpion.
You die...

♣♣♣ ♣.♣ ##.
♣♣♣.♣♣♣♣.♣
#.
♣....♣...♣
#
♣♣..♣.....♣
♣..♣♣♣...♣♣
♣..♣ ♣.♣♣♣
♣♣.♣♣ ♣.♣
♣..♣ ♣♣♣
♣h.♣ ♣sR♣♣
♣..♣ ..♣♣
♣.♣ ♣. ..
..♣


You could see the friendly Imgur-Sin the ancestor and a scorpion (ally target).

Vanquished Creatures
  A sky beast (D:6)
  An ogre (D:5)
  A centaur (D:5)
  A phantom (D:4)
  A scorpion (D:5)
  4 elf zombies (Ossuary)
  2 centaur zombies (Ossuary)
  6 hounds
  6 human zombies (Ossuary)
  3 iguanas (D:5)
  2 orc wizards (D:5)
  2 mummies (Ossuary)
  Robin (D:3)
  5 adders
  4 ufetubi
  2 worms
  2 dart slugs (D:2)
  4 orcs
  8 bats
  7 endoplasms
  4 giant cockroaches
  15 goblins
  6 hobgoblins
  4 jackals (D:1)
  6 kobolds
  3 quokkas (D:2)
  A ball python (D:3)
  2 frilled lizards
  5 rats
  A spectral orc (D:5)
110 creatures vanquished.

Vanquished Creatures (collateral kills)
  A mummy (Ossuary)
1 creature vanquished.

Vanquished Creatures (others)
  An ancestor (Ossuary)
1 creature vanquished.

Grand Total: 112 creatures vanquished

Notes
Turn   | Place    | Note
-------+----------+-------------------------------------------
     0 | D:1      | LeprechaunX the Octopode Shapeshifter began the quest for
                  | the Orb.
     0 | D:1      | Reached XP level 1. HP: 13/13 MP: 1/1
   106 | D:1      | Reached XP level 2. HP: 11/18 MP: 2/2
  1012 | D:2      | Reached XP level 3. HP: 23/23 MP: 3/3
  1593 | D:2      | Reached XP level 4. HP: 25/29 MP: 4/4
  1734 | D:2      | Found a runed translucent door.
  1735 | D:2      | Noticed Crazy Yiuf
  2084 | D:3      | Noticed Robin
  2091 | D:3      | Reached skill level 4 in Shapeshifting
  2100 | D:3      | Killed Robin
  2192 | D:3      | Found an iron altar of Okawaru.
  2328 | D:3      | Found a glowing golden altar of the Shining One.
  2573 | D:4      | Reached XP level 5. HP: 35/35 MP: 5/5
  2832 | D:4      | Found a staircase to the Ecumenical Temple.
  2910 | Temple   | Entered the Ecumenical Temple
  2918 | Temple   | Became a worshipper of Hepliaklqana the Forgotten
  2976 | D:4      | Noticed a phantom
  2993 | D:4      | Killed a phantom
  2994 | D:4      | Reached skill level 5 in Shapeshifting
  2994 | D:4      | Reached XP level 6. HP: 33/42 MP: 6/6
  3302 | D:5      | Entered Level 5 of the Dungeon
  3408 | D:5      | Found a radiant altar of Vehumet.
  3662 | D:5      | Found a white marble altar of Elyvilon.
  3674 | D:5      | Reached skill level 6 in Shapeshifting
  3674 | D:5      | Reached XP level 7. HP: 46/48 MP: 7/7
  3812 | D:5      | Found a hide-covered altar of Uskayaw.
  4038 | D:5      | Found a basalt altar of Yredelemnul.
  4090 | D:5      | Reached * piety under Hepliaklqana
  4259 | D:6      | Found a sand-covered staircase.
  4361 | Ossuary  | Entered an ossuary
  4443 | Ossuary  | Reached skill level 7 in Shapeshifting
  4447 | Ossuary  | Reached skill level 5 in Fighting
  4447 | Ossuary  | Reached XP level 8. HP: 27/49 MP: 8/8
  4547 | Ossuary  | Reached skill level 8 in Shapeshifting
  4842 | D:6      | Gained mutation: You have an increased reservoir of magic.
                  | (+10% MP) [potion of mutation]
  4842 | D:6      | Gained mutation: You passively dampen the noise of your
                  | surroundings. [potion of mutation]
  4842 | D:6      | Lost mutation: You have an increased reservoir of magic.
                  | (+10% MP) [potion of mutation]
  4842 | D:6      | Succumbed to a scorpion's poison

Illustrated notes

Levels and vault maps discovered:
D:1:      psy_arrival_heroes, layout_loops_cross, roderic_lattice_a,
          minmay_misc_feat_doors
D:2:      layout_basic, serial_corexii_hall, corexii_hall_statues_u,
          chequers_hall_statues_corner_a, corexii_hall_statues_l,
          corexii_hall_statues_i, uniq_crazy_yiuf_cottage
D:3:      layout_rooms, amcnicky_altar_gilded, okawaru_ov_weapons_minmay,
          uniq_robin
D:4:      layout_basic, minmay_temple_entry_hall
D:5:      layout_loops_ring, elyvilon_altar_5, nicolae_vehumet_altar_sigil,
          nicolae_uskayaw_suspiria, yredelemnul_forgotten_temple_becter,
          minmay_misc_feat_ornament
D:6:      kb_forest_paths, layout_basic, bloody_trog, minitemple,
          nicolae_ossuary_entry_monument, gup_sewer_entry_bowl,
          kennysheep_flooded_box, nrook_mini_backslash, uniq_grinder
Temple:   nicolae_temple_bog_church

Skill      XL: |  1  2  3  4  5  6  7  8 |
---------------+-------------------------+-----
Fighting       | 2 3 4 5 |  5.9
Shapeshifting  | 4 5 6 7 8 |  8.3
Dodging        | |  2.0
Unarmed Combat | |  3.3

Action                     |  1- 3 |  4- 6 |  7- 9 || total
---------------------------+-------+-------+-------++-------
  Melee: Unarmed           |    70 |     1 |     1 ||    72
         Constrict         |    22 |    21 |    25 ||    68
         Tentacles         |     8 |    18 |    35 ||    61
         Punch             |     1 |     5 |     4 ||    10
         Dagger            |       |    78 |   107 ||   185
  Throw: Dart              |       |     1 |       ||     1
         Throwing net      |       |       |     1 ||     1
    Use: Potion            |       |       |     1 ||     1
   Stab: Sleeping          |    12 |     6 |     1 ||    19
         Distracted        |       |     1 |       ||     1
         Invisible         |       |     1 |       ||     1
 Armour: Skin              |    25 |    22 |    60 ||   107
  Dodge: Dodged            |    44 |    25 |    54 ||   123
  Block: Buckler           |       |     3 |    10 ||    13

Table legend: (Time is in decaauts)
 A = Elapsed time spent in this place.
 B = Non-inter-level travel time spent in this place.
 C = Inter-level travel time spent in this place.
 D = Time resting spent in this place.
 E = Time spent auto-exploring this place.
 F = Levels seen in this place.
 G = Mean time per level.
                   A        B        C        D        E       F      G
               +--------+--------+--------+--------+--------+-----+--------+
         Total |   4775 |   4508 |    267 |    211 |   3578 |   8 |  596.9 |
       Dungeon |   4361 |   4108 |    253 |     77 |   3451 |   6 |  726.8 |
        Temple |     16 |      2 |     14 |      0 |      0 |   1 |   16.0 |
       Ossuary |    397 |    397 |      0 |    134 |    127 |   1 |  397.0 |
               +--------+--------+--------+--------+--------+-----+--------+

Top non-repeatable levels by time:
     D:2: 1104 daAuts
     D:1: 971 daAuts
     D:5: 938 daAuts
     D:4: 712 daAuts
     D:3: 473 daAuts
 Ossuary: 397 daAuts
     D:6: 161 daAuts
  Temple: 16 daAuts
